AoeStats
← jphilkill

Arena

510056167Analyzed
4v4 RM · 2d ago on Sep 29, 2026· 54m 8s· 8 players
Game mode
Random Map
Map size
Large (8 player)
Population
200
Speed
Normal
Resources
Standard
Victory
Conquest
Starting age
Dark Age
Ending age
Imperial Age
RankedLock teamsTeams togetherTeam positionsShared explorationLock speedFull tech treeHidden civsTurbo modeCheats
Victory
Defeat
🇹🇼 Teutons · Taiwan
1257
+6
🇭🇰 Cumans · Hong Kong SAR China
1236
+7
🇲🇴 Turks · Macao SAR China
1124
+10
🇭🇰 Teutons · Hong Kong SAR China
1028
+14
🇬🇧 Goths · United Kingdom
1055
-11
🇹🇼 Spanish · Taiwan
1038
-10
🇩🇪 Franks · Germany
991
-9
🇹🇼 Bengalis · Taiwan
925
-7
Barbaren
0:28 Loom
2:00 Loom
11:42 Feudal Age
12:28 Gold Mining
12:45 Double-Bit Axe
15:38 Horse Collar
21:09 Castle Age
22:57 Gold Shaft Mining
22:41 Bow Saw
22:50 Heavy Plow
26:50 Imperial Age
26:11 Bloodlines
29:06 Two-Man Saw
31:07 Wheelbarrow
31:07 Padded Archer Armor
32:56 Hand Cart
33:25 Leather Archer Armor
34:42 Stone Mining
37:40 Husbandry
38:34 Heavy Camel Rider
40:08 Scale Barding Armor
41:31 Coinage
41:46 Artillery
42:06 Conscription
42:10 Chain Barding Armor
42:08 Masonry
42:20 Bombard Tower
43:26 Banking
43:35 Plate Barding Armor
43:11 Forging
44:32 Caravan
45:19 Hoardings
45:47 Iron Casting
45:03 Fletching
46:45 Guilds
49:12 Architecture
49:03 Ballistics
魂魄妖喵
6:20 Loom
9:05 Feudal Age
12:42 Fletching
16:32 Double-Bit Axe
22:37 Castle Age
21:28 Scale Mail Armor
21:41 Forging
21:53 Horse Collar
22:05 Gold Mining
28:00 Imperial Age
27:09 Chain Mail Armor
28:42 Squires
30:21 Plate Mail Armor
35:39 Iron Casting
40:11 Crenellations
40:10 Elite Teutonic Knight
41:39 Conscription
41:49 Bodkin Arrow
43:58 Blast Furnace
43:05 Heavy Plow
43:16 Bow Saw
44:52 Chemistry
44:33 Pikeman
46:40 Halberdier
小兵兵兵
2:57 Loom
9:56 Feudal Age
11:14 Horse Collar
12:38 Double-Bit Axe
18:34 Wheelbarrow
22:05 Castle Age
21:00 Bloodlines
21:04 Scale Barding Armor
21:09 Gold Mining
21:35 Forging
23:55 Chain Barding Armor
30:15 Imperial Age
27:57 Heavy Plow
30:19 Elite Steppe Lancer
31:36 Plate Barding Armor
31:36 Iron Casting
31:51 Iron Casting
32:11 Town Watch
33:13 Sanctity
33:04 Fervor
33:25 Cuman Mercenaries
33:29 Steppe Husbandry
33:50 Conscription
35:37 Chemistry
34:57 Ballistics
35:38 Crop Rotation
36:19 Hand Cart
36:12 Thumb Ring
36:33 Parthian Tactics
36:24 Guilds
37:16 Blast Furnace
36:06 Fletching
36:17 Padded Archer Armor
37:20 Light Cavalry
39:35 Hussar
40:01 Man-at-Arms
40:01 Pikeman
40:41 Squires
40:40 Bodkin Arrow
41:01 Leather Archer Armor
40:46 Scale Mail Armor
40:50 Cuman Mercenaries
45:52 Town Patrol
46:10 Chain Mail Armor
45:15 Halberdier
45:19 Long Swordsman
45:46 Arson
46:33 Ring Archer Armor
45:31 Elite Kipchak
46:47 Hoardings
46:23 Masonry
46:24 Careening
49:46 Caravan
50:27 Coinage
49:19 Two-Handed Swordsman
50:30 Plate Mail Armor
49:54 Cavalier
51:46 Paladin
Teutons_CF
3:32 Loom
11:31 Feudal Age
12:38 Double-Bit Axe
16:10 Town Watch
18:53 Castle Age
17:13 Horse Collar
17:34 Stone Mining
18:46 Gold Mining
20:34 Fletching
23:34 Wheelbarrow
24:10 Bow Saw
24:20 Heavy Plow
24:59 Bodkin Arrow
31:09 Imperial Age
30:04 Hand Cart
29:16 Elite Skirmisher
30:40 Scale Mail Armor
30:40 Padded Archer Armor
30:52 Forging
32:33 Conscription
33:20 Chain Mail Armor
35:11 Plate Mail Armor
40:09 Pikeman
40:49 Squires
41:28 Iron Casting
41:09 Leather Archer Armor
41:03 Halberdier
42:49 Hand Cart
45:08 Blast Furnace
46:15 Crop Rotation
47:29 Chemistry
46:15 Arrowslits
46:21 Guard Tower
46:36 Elite Teutonic Knight
49:16 Two-Man Saw
48:50 Ring Archer Armor
48:44 Crenellations
51:45 Arson
51:24 Heavy Scorpion
53:25 Caravan
NoobPwner
0:27 Loom
10:28 Feudal Age
11:37 Double-Bit Axe
13:01 Man-at-Arms
14:22 Forging
14:12 Scale Mail Armor
16:15 Wheelbarrow
21:15 Castle Age
22:57 Hand Cart
22:23 Horse Collar
22:55 Bow Saw
22:36 Stone Mining
23:22 Fervor
23:07 Long Swordsman
23:51 Squires
24:58 Pikeman
26:01 Chain Mail Armor
31:54 Heavy Plow
32:48 Iron Casting
35:37 Imperial Age
34:34 Padded Archer Armor
35:00 Ballistics
34:25 Treadmill Crane
37:19 Chemistry
37:32 Leather Archer Armor
37:20 Gold Mining
38:02 Crop Rotation
38:34 Two-Man Saw
41:21 Ring Archer Armor
41:53 Blast Furnace
40:45 Fletching
41:26 Halberdier
46:10 Bodkin Arrow
46:54 Anarchy
47:14 Conscription
46:17 Elite Huskarl
47:26 Bracer
世紀垃圾
10:49 Feudal Age
14:48 Castle Age
12:58 Double-Bit Axe
12:56 Horse Collar
24:53 Wheelbarrow
30:03 Imperial Age
27:21 Loom
27:59 Scale Barding Armor
28:08 Forging
28:59 Hand Cart
29:05 Padded Archer Armor
29:03 Town Watch
31:50 Chemistry
31:08 Leather Archer Armor
31:44 Bow Saw
31:39 Heavy Plow
32:45 Ring Archer Armor
34:13 Conscription
40:56 Caravan
43:54 Pikeman
44:28 Halberdier
45:18 Scale Mail Armor
45:29 Forging
46:39 Two-Man Saw
46:15 Chain Mail Armor
46:38 Squires
47:54 Scale Barding Armor
48:26 Plate Mail Armor
49:48 Iron Casting
GG豪大
11:10 Feudal Age
15:34 Castle Age
13:24 Double-Bit Axe
16:42 Bow Saw
18:18 Wheelbarrow
17:29 Loom
19:54 Horse Collar
22:46 Gold Mining
24:38 Hand Cart
29:06 Imperial Age
27:33 Gold Shaft Mining
26:48 Stone Mining
28:29 Bloodlines
28:20 Husbandry
28:31 Forging
28:27 Scale Barding Armor
29:15 Elite Battle Elephant
32:09 Heavy Plow
33:00 Chain Barding Armor
33:15 Iron Casting
33:41 Crop Rotation
33:55 Conscription
33:09 Light Cavalry
37:50 Paiks
40:19 Plate Barding Armor
40:45 Blast Furnace
43:10 Siege Elephant
45:04 Mahayana
44:13 Pikeman
44:39 Arson
44:54 Squires
44:35 Man-at-Arms
45:00 Gambesons
45:17 Scale Mail Armor
47:39 Chain Mail Armor
47:25 Padded Archer Armor
47:16 Fletching
48:03 Halberdier
49:58 Elite Skirmisher
51:31 Leather Archer Armor
51:11 Bodkin Arrow
jphilkill
0:57 Loom
11:56 Feudal Age
20:42 Castle Age
20:30 Double-Bit Axe
27:15 Scale Mail Armor
28:10 Squires
30:35 Pikeman
32:48 Wheelbarrow
35:39 Padded Archer Armor
36:26 Forging
37:34 Gold Mining
44:11 Fletching
45:27 Scale Barding Armor
46:59 Ballistics
47:28 Stone Mining
48:30 Leather Archer Armor
49:21 Chain Mail Armor
50:27 Iron Casting
55:42 Imperial Age
Connection lost

Rejoining the realm…

Still unreachable

The connection could not be restored.

Session expired

The server has moved on; the page needs a fresh start.